 Seeded DCSS version 0.31-a0-1172-g9944ec47dd (webtiles) character file.

Game seed: 15265241679069849840 (custom seed)

65 qw the Shooter (level 4, -1/28 HPs)
             Began as a Gargoyle Hunter on Dec 10, 2023.
             Slain by a gnoll
             ... wielding the +8 mace "Geypopiff" {freeze, Dex+4}
              (9 damage)
             ... on level 2 of the Dungeon.
             The game lasted 00:00:26 (1057 turns).

qw the Shooter (Gargoyle Hunter)                    Turns: 1057, Time: 00:00:26

Health: -1/28      AC:  6    Str: 14    XL:     4   Next: 13%
Magic:  4/4        EV: 16    Int: 10    God:
Gold:   96         SH:  0    Dex: 15    Spells: 3/3 levels left

rFire   . . .        a - +0 shortbow
rCold   . . .        (shield currently unavailable)
rNeg    + . .        c - +0 leather armour
rPois   inf          (no helmet)
rElec   +            (no cloak)
rCorr   .            (no gloves)
SInv    .            (no boots)
Will    .....        (no amulet)
Stlth   +            e - +5 ring of evasion
HPRegen 0.24/turn    (no ring)
MPRegen 0.09/turn

%: no passive effects
@: confused, ambrosia-drunk
A: sickness immunity, AC +3, negative energy resistance 1, electricity
resistance, torment resistance 1, petrification resistance
a: no special abilities


You were on level 2 of the Dungeon.
You visited 1 branch of the dungeon, and saw 2 of its levels.

You collected 96 gold pieces.


Innate Abilities, Weirdness & Mutations

You are immune to sickness and miasma.
Your stone body is resilient. (AC +3)
You are immune to poison.
You resist negative energy. (rN+)
You are resistant to electric shocks. (rElec)
You are resistant to unholy torment.
You are immune to petrification.


   Skills:
 - Level 3.1 Fighting
 + Level 5.1 Ranged Weapons
 - Level 1.5 Dodging
 - Level 1.1 Stealth


You had 3 spell levels left.
You didn't know any spells.
Your spell library was empty.

Inventory:

Hand Weapons
 a - a +0 shortbow (weapon)
Armour
 c - a +0 leather armour (worn)
Jewellery
 e - a +5 ring of evasion (left hand)
Potions
 d - a potion of enlightenment

Dungeon Overview and Level Annotations

Branches:
Dungeon (2/15)

Altars:


Message History

A quokka comes into view.
You shoot an arrow. The arrow hits the gnoll.
You kill the gnoll!
Your Fighting skill increases to level 3!
You shoot an arrow. The arrow hits the gnoll.
The gnoll is lightly wounded.
The gnoll completely misses you.
You shoot an arrow. The arrow closely misses the gnoll.
The gnoll closely misses you.
You shoot an arrow. The arrow hits the gnoll!
The gnoll is severely wounded.
The gnoll completely misses you. The gnoll closely misses you.
You shoot an arrow. The arrow closely misses the gnoll.
A hobgoblin comes into view.
The gnoll barely misses you.
You shoot an arrow. The arrow hits the gnoll.
You kill the gnoll!
You have reached level 4!
You feel clever.
You shoot an arrow. The arrow hits the gnoll.
The gnoll is lightly wounded.
You shoot an arrow. The arrow barely misses the gnoll.
A gnoll comes into view. It is wielding a +0 club.
The gnoll hits you with the +8 mace "Geypopiff" {freeze, Dex+4}.
The gnoll freezes you.
You shoot an arrow. The arrow hits the gnoll.
The gnoll is moderately wounded.
The gnoll barely misses you. x2
You shoot an arrow. The arrow hits the gnoll.
The gnoll is heavily wounded.
The gnoll hits you with the +8 mace "Geypopiff" {freeze, Dex+4}.
The gnoll freezes you.
You shoot an arrow. The arrow hits the gnoll.
The gnoll is almost dead.
The gnoll hits you with the +8 mace "Geypopiff" {freeze, Dex+4}.
The gnoll freezes you.
1057 ||| DRINKING inky potion.
It was a potion of ambrosia.
You are confused.
You feel invigorated.
The gnoll hits you with the +8 mace "Geypopiff" {freeze, Dex+4}!
You die... #. ### .. ... #. .. .. .. g###. . rBg

#. #g#
##.####@####..#
......#.......#.
#......###.....
#......# #.....
#......##......
#.#+##........
##.#.......##..
.........#.#
##.#.###.#...


You could see 2 gnolls, a quokka, a giant cockroach and a hobgoblin.

Vanquished Creatures
  2 gnolls (D:2)
  2 dart slugs (D:1)
  2 bats
  4 endoplasms (D:1)
  2 giant cockroaches (D:1)
  A goblin (D:1)
  2 hobgoblins (D:1)
  2 jackals (D:2)
  5 kobolds (D:1)
  3 quokkas (D:1)
  A ball python (D:1)
  3 frilled lizards
  10 rats (D:1)
39 creatures vanquished.

Notes
Turn   | Place    | Note
-------+----------+-------------------------------------------
     0 | D:1      | qw the Gargoyle Hunter began the quest for the Orb.
     0 | D:1      | Reached XP level 1. HP: 12/12 MP: 1/1
     0 | D:1      | 0 ||| qw: Version: 0.3-a-106-gc739b70
     0 | D:1      | 0 ||| qw: Game counter: 1936
     0 | D:1      | 0 ||| qw: Melee chars always use a shield: true
     0 | D:1      | 0 ||| qw: God list: Okawaru
     0 | D:1      | 0 ||| qw: Allow faded altars: false
     0 | D:1      | 0 ||| qw: Do Orc after clearing Dungeon:15 true
     0 | D:1      | 0 ||| qw: Do second Lair branch before Depths: true
     0 | D:1      | 0 ||| qw: Lair rune preference: random
     0 | D:1      | 0 ||| qw: Goals: Normal, Save, Zot:1-4, Win
     0 | D:1      | 0 ||| PLANNING D:1-11
   104 | D:1      | Reached XP level 2. HP: 12/17 MP: 2/2
   374 | D:1      | Reached XP level 3. HP: 21/21 MP: 3/3
   531 | D:1      | Reached skill level 5 in Ranged Weapons
   868 | D:1      | 868 ||| UPGRADING to +5 ring of evasion.
   869 | D:1      | 869 ||| READING scroll labelled KEIGIF GAUSSEIMA.
   970 | D:1      | 970 ||| READING scroll labelled ZACRAFIONO.
   970 | D:1      | 970 ||| IDENTIFYING sapphire potion
   971 | D:1      | 971 ||| READING scroll labelled BYZUIQ VIYNYIKH.
   974 | D:1      | 974 ||| DROPPING scroll of butterflies.
  1044 | D:2      | Identified the +8 mace "Geypopiff" {freeze, Dex+4}
  1047 | D:2      | Reached skill level 3 in Fighting
  1052 | D:2      | Reached XP level 4. HP: 20/28 MP: 4/4
  1056 | D:2      | HP: 3/28 [gnoll/the +8 mace "Geypopiff" {freeze, Dex+4}
                  | (6)]
  1057 | D:2      | 1057 ||| DRINKING inky potion.
  1057 | D:2      | Slain by a gnoll

Levels and vault maps discovered:
D:1:      roderic_dead_forest, layout_basic, serial_forest,
          infiniplex_forest_join, infiniplex_forest_fountain,
          infiniplex_forest_lined_corner, infiniplex_forest_lined_room_,
          minmay_rat_gold_closets
D:2:      layout_basic, minmay_ruptured

Skill      XL: |  1  2  3 |
---------------+----------+-----
Ranged Weapons | 5 |  5.1
Fighting       | 3 |  3.1
Dodging        | |  1.5
Stealth        | |  1.1

Action                     |  1- 3 |  4- 6 || total
---------------------------+-------+-------++-------
   Fire: Shortbow          |    96 |     5 ||   101
    Use: Scroll            |     3 |       ||     3
         Potion            |       |     1 ||     1
 Armour: Leather armour    |    13 |     4 ||    17
  Dodge: Dodged            |    20 |     2 ||    22

Table legend:
 A = Non-vault XP
 B = Vault XP
 C = Vault XP percentage of total XP
 D = Non-vault monster count
 E = Vault monster count
 F = Vault count percentage of total count
                 A         B        C        D         E       F
            +---------+---------+-------+---------+---------+-------
      Total |      85 |       8 |   8.6 |      31 |       8 |  20.5
            +---------+---------+-------+---------+---------+-------
        D:1 |      48 |       8 |  14.3 |      25 |       8 |  24.2
        D:2 |      37 |       0 |   0.0 |       6 |       0 |   0.0
            +---------+---------+-------+---------+---------+-------
